 Dungeon Crawl Stone Soup version 0.12.3 (webtiles) character file.

2246 MordorOrchid the Basher (level 9, -7/85 HPs)
             Began as an Ogre Berserker on May 2, 2020.
             Was an Elder of Trog.
             Mangled by a necrophage
             ... wielding a +2,+2 dwarven battleaxe
              (14 damage)
             ... on Level 6 of the Dungeon.
             The game lasted 00:28:46 (7257 turns).

MordorOrchid the Basher (Ogre Berserker)            Turns: 7257, Time: 00:28:48

HP  -7/85        AC  4     Str 24      XL: 9   Next: 23%
MP   8/8         EV 12     Int  7      God: Trog [****..]
Gold 224         SH 21     Dex 12      Spells:  0 memorised,  8 levels left

Res.Fire  : . . .   See Invis. : .   t - +0 dwarf flail
Res.Cold  : + . .   Warding    : .   y - +0 robe {rC+}
Life Prot.: . . .   Conserve   : .   g - +0 shield
Res.Poison: .       Res.Corr.  : .   (helmet restricted)
Res.Elec. : .       Clarity    : .   E - +0 cloak
Sust.Abil.: . .     Spirit.Shd : .   (gloves unavailable)
Res.Mut.  : .       Stasis     : .   (boots unavailable)
Res.Rott. : .       Ctrl.Telep.: .   (no amulet)
Saprovore : + . .   Flight     : .   (no ring)
                                     D - ring of flight

@: about to teleport, exhausted, slowed, very slow, somewhat resistant to
hostile enchantments, unstealthy
A: unfitting armour, fast metabolism 1, saprovore 1, tough skin 1, Int +1
a: Burn Spellbooks, Berserk, Trog's Hand, Brothers in Arms, Renounce Religion,
Evoke Flight


You were on level 6 of the Dungeon.
You worshipped Trog.
Trog was extremely pleased with you.
You were starving.

You visited 1 branch of the dungeon, and saw 7 of its levels.

You collected 204 gold pieces.

Inventory:

Hand weapons
 a - a +0,+0 mace
 t - a +0,+0 dwarven flail (weapon)
 C - a +0,+2 war axe of venom
 F - a +3,+2 quarterstaff of chaos
 O - a +2,+1 great mace of freezing
Missiles
 f - 16 darts of flame
 i - 25 darts (quivered)
 m - 101 sling bullets
 H - 6 poisoned needles
Armour
 g - a +0 shield (worn)
 y - a +0 robe of cold resistance (worn)
 E - a +0 cloak (worn)
Magical devices
 o - a wand of confusion (16) {unknown}
Comestibles
 c - 6 meat rations
 s - 4 bread rations
 B - an apple
 L - a pear
 M - a beef jerky
Scrolls
 d - 2 scrolls of blinking
 e - a scroll of fear {unknown}
 h - a scroll of recharging {unknown}
 k - a scroll of teleportation
 n - a scroll of enchant weapon II {unknown}
 p - 2 scrolls of random uselessness {unknown}
 q - 5 scrolls of remove curse
 u - a scroll of enchant armour {unknown}
 v - 2 scrolls of magic mapping {unknown}
 x - a scroll of enchant weapon I {unknown}
Jewellery
 r - an uncursed amulet of stasis
 D - a ring of flight (left hand)
Potions
 j - 5 potions of curing
 l - a potion of magic {unknown}
 w - a potion of heal wounds {unknown}
 z - 2 potions of invisibility
 A - 3 potions of speed
 G - 2 potions of poison {unknown}
 K - a potion of restore abilities
 N - a potion of might {unknown}


   Skills:
 - Level 4.0 Fighting
 + Level 8.4 Maces & Flails
 + Level 2.1 Throwing
 + Level 7.0 Dodging
 * Level 6.3 Shields


You had 8 spell levels left.
You didn't know any spells.

Dungeon Overview and Level Annotations

Branches:
Dungeon (7/27)             Temple (0/1) D:7             Orc (0/4) D:6

Altars:
Cheibriados
Fedhas
Trog
Vehumet

Shops:
D:6: [(


Innate Abilities, Weirdness & Mutations

You are too large for most types of armour.
You have a fast metabolism.
You can tolerate rotten meat.
You have tough skin (AC +1).
Your mind is acute (Int +1).


Message History

* * * LOW HITPOINT WARNING * * *
You feel somewhat more hungry. You block the crimson imp's attack.
The crimson imp hits you.
* * * LOW HITPOINT WARNING * * *
The gnoll barely misses you.
You climb upwards.
There is a stone staircase leading down here.
Unknown command.
Unknown command.
Unknown command.
Unknown command.
Unknown command.
Read which item? (? for menu, Esc to quit)
As you read the scroll labeled OCWER IGGYELIGRE, it crumbles to dust.
You feel strangely unstable.
It was a scroll of teleportation.
You block the hungry ghost's attack.
The necrophage hits you with a dwarven battleaxe!
* * * LOW HITPOINT WARNING * * *
The necrophage hits you with a dwarven battleaxe!
You die...

..................)..............
.................................
.................................
.................................
.................................
.................................
.................................
...............p.n...............
.......###.....n@g...............
.......####....5.................
.......[###..............(.......
.........#.......................
.#...........###.................
############## ##################


You could see a hungry ghost, 2 necrophages, a gnoll and a crimson imp.

Vanquished Creatures
  Grinder (D:4)
  A hill giant skeleton (D:6)
  A necrophage (D:7)
  An orc warrior (D:6)
  2 phantoms
  3 ice beasts
  A hippogriff skeleton (D:5)
  Sigmund (D:5)
  A giant frog (D:7)
  A water moccasin (D:3)
  A giant frog skeleton (D:6)
  2 wights (D:7)
  4 crimson imps (D:5)
  2 scorpions
  2 hound skeletons
  2 hounds (D:6)
  Crazy Yiuf (D:4)
  A shadow (D:6)
  2 orc wizards
  3 iguanas
  Ijyb (D:7)
  Terence (D:2)
  8 adders
  7 gnolls
  A giant mite (D:5)
  An iguana skeleton (D:5)
  3 worms
  A grey rat (D:3)
  7 giant geckos
  22 orcs
  6 bats
  3 giant cockroaches (D:1)
  16 hobgoblins
  3 quokkas
  7 giant newts
  9 goblins
  6 jackals (D:5)
  14 kobolds
  2 orc skeletons
  26 rats
177 creatures vanquished.

Vanquished Creatures (collateral kills)
  An orc warrior (D:6)
  A jelly (D:6)
2 creatures vanquished.

Vanquished Creatures (others)
  A quokka (D:3)
1 creature vanquished.

Grand Total: 180 creatures vanquished

Notes
Turn   | Place    | Note
--------------------------------------------------------------
     0 | D:1      | MordorOrchid, the Ogre Berserker, began the quest for the Orb.
     0 | D:1      | Reached XP level 1. HP: 23/23 MP: 0/0
    84 | D:1      | HP: 1/23 [hobgoblin (3)]
   299 | D:1      | Reached XP level 2. HP: 22/32 MP: 1/1
   606 | D:1      | Acquired Trog's second power
   847 | D:1      | Reached XP level 3. HP: 32/39 MP: 2/2
  1108 | D:2      | Noticed Terence
  1120 | D:2      | Killed Terence
  1723 | D:3      | Found a snail-covered altar of Cheibriados.
  1791 | D:3      | Reached skill level 1 in Shields
  1791 | D:3      | Reached XP level 4. HP: 35/48 MP: 3/3
  1815 | D:3      | Noticed a water moccasin
  1884 | D:3      | Killed a water moccasin
  1884 | D:3      | Reached skill level 5 in Maces & Flails
  1884 | D:3      | Reached XP level 5. HP: 54/54 MP: 4/4
  1886 | D:3      | Found a bloodstained altar of Trog.
  2891 | D:4      | Noticed Grinder
  2894 | D:4      | Paralysed by Grinder for 5 turns
  2969 | D:4      | Killed Grinder
  2969 | D:4      | Reached skill level 6 in Maces & Flails
  2969 | D:4      | Reached XP level 6. HP: 18/63 MP: 5/5
  3058 | D:4      | Reached skill level 5 in Dodging
  3259 | D:4      | Noticed Crazy Yiuf
  3268 | D:4      | Killed Crazy Yiuf
  3268 | D:4      | Reached XP level 7. HP: 70/70 MP: 6/6
  3798 | D:5      | Entered Level 5 of the Dungeon
  3930 | D:5      | Acquired Trog's third power
  4443 | D:5      | Noticed Sigmund
  4451 | D:5      | Killed Sigmund
  4451 | D:5      | Reached XP level 8. HP: 38/79 MP: 7/7
  4520 | D:5      | Reached skill level 7 in Maces & Flails
  5111 | D:5      | Reached skill level 5 in Shields
  5620 | D:6      | Noticed a hill giant skeleton
  5635 | D:6      | Killed a hill giant skeleton
  6041 | D:6      | Reached skill level 8 in Maces & Flails
  6041 | D:6      | Reached XP level 9. HP: 85/85 MP: 8/8
  6130 | D:6      | Found Gug Par's Armour Boutique.
  6132 | D:6      | Found a staircase to the Orcish Mines.
  6139 | D:6      | Found a radiant altar of Vehumet.
  6150 | D:6      | Found Reatac's Weapon Boutique.
  6350 | D:6      | Gained mutation: Your mind is acute (Int +1). [potion of gain intelligence]
  6833 | D:7      | Found a blossoming altar of Fedhas.
  6865 | D:7      | Noticed Ijyb
  6875 | D:7      | Killed Ijyb
  6962 | D:7      | Reached skill level 1 in Throwing
  7059 | D:7      | Found a staircase to the Ecumenical Temple.
  7257 | D:6      | Mangled by a necrophage

Action                   |  1- 3 |  4- 6 |  7- 9 || total
-------------------------+-------+-------+-------++-------
Melee: Mace              |   136 |   143 |   434 ||   713
       Flail             |     1 |       |   117 ||   118
Throw: Dart              |    15 |    12 |   186 ||   213
Invok: Berserk           |     2 |     5 |     9 ||    16
       Trog's Hand       |       |     3 |     3 ||     6
       Brothers in Arms  |       |       |     1 ||     1
  Use: Scroll            |     3 |       |     7 ||    10
       Potion            |       |       |     1 ||     1
